 Dungeon Crawl Stone Soup version 0.32-a0-814-g0968bab981 (webtiles) character file.

Game seed: 14768651194053886951

64 Descartes the Covered (level 4, 0/32 (35) HPs)
             Began as a Formicid Chaos Knight on Mar 22, 2024.
             Was a Plaything of Xom.
             Slain by a kobold brigand
             ... wielding a +0 short sword of chaos
              (7 damage)
             ... on level 3 of the Dungeon.
             The game lasted 00:03:38 (1822 turns).

Descartes the Covered (Formicid Chaos Knight)       Turns: 1822, Time: 00:03:38

HP:   0/32 (35)     AC: 10    Str: 18    XL:     4   Next: 32%
MP:   4/4           EV:  7    Int: 12    God:    Xom [.*....]
Gold: 192           SH:  0    Dex: 13    Spells: 3/3 levels left

rFire   . . .        a - +0 hand axe (chaos)
rCold   . . .        (no shield)
rNeg    . . .        l - +0 chain mail
rPois   .            (helmet unavailable)
rElec   .            (no cloak)
rCorr   .            e - +0 pair of gloves
SInv    +            (no boots)
Will    .....        (no amulet) Stlth
                     (no ring)
HPRegen 0.25/turn    (no ring)
MPRegen 0.09/turn

%: no passive effects
@: lethally poisoned (0 -> -1), fragile (+50% incoming damage), drained
A: permanent stasis, dig shafts and tunnels, antennae 3, four strong arms
a: Dig, Shaft Self, Renounce Religion


You were on level 3 of the Dungeon.
You worshipped Xom.
You were a plaything of Xom.
You visited 1 branch of the dungeon, and saw 3 of its levels.

You collected 192 gold pieces.

Inventory:

Hand Weapons
 a - a +0 hand axe of chaos (weapon)
 d - a +0 heavy long sword
Missiles
 k - 3 boomerangs
 p - 3 poisoned darts
Armour
 b - a +2 leather armour
 e - a +0 pair of gloves (worn)
 l - a +0 chain mail (worn)
Jewellery
 n - a ring of positive energy
Scrolls
 f - a scroll of enchant armour {unknown}
 g - a scroll of teleportation {unknown}
 h - a scroll of vulnerability {unknown}
 i - a scroll of enchant weapon {unknown}
 j - 2 scrolls of poison {unknown}
 m - a scroll of immolation {unknown}
 o - a scroll of blinking {unknown}


   Skills:
 - Level 3.2 Fighting
 + Level 3.7 Axes
 * Level 4.0 Armour
 - Level 0.8 Dodging


You had 3 spell levels left.
You didn't know any spells.
Your spell library was empty.

Dungeon Overview and Level Annotations

Branches:
Dungeon (3/15)

Altars:
Xom

Shops:
D:2 :


Innate Abilities, Weirdness & Mutations

You cannot be hasted, slowed, berserked, paralysed or teleported.
You can dig through walls and to a lower floor.
You have a pair of large antennae on your head. (SInv)
Your four strong arms can wield two-handed weapons with a shield.


Message History

Your kobold barely misses the kobold brigand.
The kobold closely misses your kobold.
The kobold completely misses your butterfly.
You hit the kobold brigand.
The kobold brigand is poisoned.
The kobold brigand is heavily wounded.
The kobold barely misses your kobold.
The kobold brigand hits you but does no damage.
You are poisoned.
The kobold barely misses your kobold.
The kobold hits your kobold with a +1 whip of venom.
Your kobold dies!
The kobold hits your butterfly with a +0 club.
Your butterfly dies!
Your butterfly disappears in a burst of colours!
You extend your mandibles.
You dig through the rock wall.
You feel drained.
You feel very sick.
The kobold brigand hits your butterfly with a +0 short sword of chaos!
Your butterfly dies!
Your butterfly disappears in a burst of colours!
You dig through the rock wall.
You feel drained.
You feel sick.
You feel sick. Something hits your butterfly. Something freezes your butterfly.
Your butterfly dies!
Your butterfly disappears in a burst of colours!
You feel sick. Something hits your butterfly.
Your butterfly dies!
Your butterfly disappears in a burst of colours!
You feel sick.
You retract your mandibles.
You hit the kobold brigand but do no damage.
The kobold brigand is moving more slowly.
The kobold brigand is severely wounded.
You feel sick.
The kobold brigand hits you but does no damage.
You hit the kobold brigand.
The kobold brigand is severely wounded.
You feel sick.
The kobold brigand hits you with a +0 short sword of chaos.
You die...
Xom thinks this is hilarious!

...####.# ##.....##
##.# #.# #..#b#.P#
#.# ##.###ß.#.#.ß#
#.###...##{.#b#[P#
#........##{b...###
#..##...#.##'{'##.#
#..###.##..{KKK...#
#..###.######{#####
##..##...#####$#@#
.......#....bb.K##
....##[..########
###.....## #..####
#..# ###..# .....#
#.#.##


You could see a kobold brigand (petrifying, poisoned).

Vanquished Creatures
  An adder (D:2)
  4 ball pythons
  4 bats
  5 endoplasms
  4 giant cockroaches
  3 goblins
  4 hobgoblins
  6 jackals
  2 quokkas (D:1)
  4 frilled lizards
  7 kobolds
  4 rats
48 creatures vanquished.

Vanquished Creatures (others)
  The ghost of Stonecrops the Trooper, a weakling DsFi (D:3)
  A kobold (D:3)
2 creatures vanquished.

Grand Total: 50 creatures vanquished

Notes
Turn   | Place    | Note
-------+----------+-------------------------------------------
     0 | D:1      | Descartes the Formicid Chaos Knight began the quest for the
                  | Orb.
     0 | D:1      | Reached XP level 1. HP: 18/18 MP: 1/1
    84 | D:1      | Reached XP level 2. HP: 24/24 MP: 2/2
   204 | D:1      | Reached skill level 3 in Armour
   306 | D:1      | Reached XP level 3. HP: 29/29 MP: 3/3
   415 | D:1      | XOM: scenery: create altars
  1042 | D:2      | XOM: god gift: 37 gold pieces
  1096 | D:2      | Reached XP level 4. HP: 35/35 MP: 4/4
  1147 | D:2      | Found Volyat's Book Emporium.
  1340 | D:3      | XOM: silly message
  1354 | D:3      | XOM: noise
  1355 | D:3      | XOM: fog
  1631 | D:3      | Reached skill level 4 in Armour
  1654 | D:3      | XOM: divination: detect creatures
  1796 | D:3      | Found a runed translucent gate.
  1798 | D:3      | Found a runed translucent gate.
  1798 | D:3      | Found a runed translucent gate.
  1801 | D:3      | Noticed Stonecrops's ghost (weakling DsFi)
  1802 | D:3      | Noticed a kobold brigand
  1812 | D:3      | Killed Stonecrops's ghost
  1813 | D:3      | XOM: enchant monster (good)
  1822 | D:3      | Slain by a kobold brigand

Illustrated notes

Levels and vault maps discovered:
D:1:      minmay_arrival_glassed_features, layout_basic
D:2:      layout_basic, serial_shops, nicolae_square_shop
D:3:      layout_loops_ring, gammafunk_ghost_nasty_kobolds

Skill      XL: |  1  2  3  4 |
---------------+-------------+-----
Armour         | 3 4 |  4.0
Fighting       | |  3.2
Axes           | |  3.7
Dodging        | |  0.8

Action                     |  1- 3 |  4- 6 || total
---------------------------+-------+-------++-------
  Melee: Hand axe          |    90 |    51 ||   141
Ability: Dig               |       |     1 ||     1
    Use: Scroll            |       |     1 ||     1
   Stab: Sleeping          |     1 |       ||     1
         Paralysed         |       |     1 ||     1
 Armour: Leather armour    |    69 |     7 ||    76
         Chain mail        |       |    39 ||    39
  Dodge: Dodged            |    57 |    21 ||    78

Table legend: (Time is in decaauts)
 A = Elapsed time spent in this place.
 B = Non-inter-level travel time spent in this place.
 C = Inter-level travel time spent in this place.
 D = Time resting spent in this place.
 E = Time spent auto-exploring this place.
 F = Levels seen in this place.
 G = Mean time per level.
                   A        B        C        D        E       F      G
               +--------+--------+--------+--------+--------+-----+--------+
         Total |   1841 |   1743 |     98 |      0 |   1325 |   3 |  613.7 |
       Dungeon |   1841 |   1743 |     98 |      0 |   1325 |   3 |  613.7 |
               +--------+--------+--------+--------+--------+-----+--------+

Top non-repeatable levels by time:
     D:1: 852 daAuts
     D:2: 618 daAuts
     D:3: 370 daAuts
